 Seeded DCSS version 0.31-a0-496-g6f97920a28 (webtiles) character file.

Game seed: 7415222406553760909 (custom seed)

67 innerfire43 the Insei (level 4, -4/35 HPs)
             Began as a Demonspawn Monk on Aug 8, 2023.
             Slain by Robin
             ... wielding a +0 trident
              (7 damage)
             ... on level 2 of the Dungeon.
             The game lasted 00:02:10 (928 turns).

innerfire43 the Insei (Demonspawn Monk)              Turns: 928, Time: 00:02:10

Health: -4/35      AC:  3    Str: 13    XL:     4   Next: 0%
Magic:  4/4        EV: 13    Int: 11    God:
Gold:   70         SH:  0    Dex: 16    Spells: 3/3 levels left

rFire   . .          .
                       - Unarmed
rCold   + . .        (no shield)
rNeg    . . .        m - +1 robe {rC+}
rPois   .            (no helmet)
rElec   .            (no cloak)
rCorr   .            (no gloves)
SInv    .            (no boots)
Will    .....        (no amulet)
Stlth   +            d - ring of wizardry
HPRegen 0.25/turn    i - ring of wizardry
MPRegen 0.09/turn

%: wizardry (x2)
@: no status effects
A: spiny 1
a: no special abilities


You were on level 2 of the Dungeon.
You visited 1 branch of the dungeon, and saw 2 of its levels.

You collected 70 gold pieces.

Inventory:

Armour
 a - a +0 robe
 c - an orb of light
 m - a +1 robe of cold resistance (worn)
Jewellery
 d - a ring of wizardry (left hand)
 f - a ring of positive energy
 i - a ring of wizardry (right hand)
Talismans
 h - a flux talisman
Scrolls
 g - a scroll of teleportation {unknown}
 j - a scroll of identify {unknown}
 l - a scroll of poison {unknown}
Potions
 e - a potion of curing
 k - a potion of lignification {unknown}


   Skills:
 - Level 3.0 Fighting
 - Level 3.0 Dodging
 - Level 3.2 Unarmed Combat
 * Level 2.0 Shapeshifting


You had 3 spell levels left.
You didn't know any spells.
Your spell library was empty.

Dungeon Overview and Level Annotations

Branches:
Dungeon (2/15)

Altars:

Shops:
D:1 ?

Annotations:
D:2 Robin


Innate Abilities, Weirdness & Mutations

You are partially covered in sharp spines.


Message History

The goblin is struck by your spines.
You kill the goblin!
The goblin is struck by your spines.
You kill the goblin!
Your Shapeshifting skill increases to level 2!
You feel less invigorated.
You feel less confused.
You see here a +0 dagger.
Robin barely misses you. The hobgoblin hits you.
You see here a +0 dagger.
You hit Robin.
Robin is lightly wounded.
Robin roars a battlecry!
The hobgoblin goes into a battle-frenzy!
The hobgoblin hits you but does no damage.
You hit Robin but do no damage.
Robin is lightly wounded.
Robin is struck by your spines. Robin hits you with a +0 trident.
* * * LOW HITPOINT WARNING * * *
The hobgoblin is struck by your spines.
You kill the hobgoblin!
You have reached level 4!
You feel agile.
It was a potion of curing.
You feel better. Robin is struck by your spines.
Robin hits you with a +0 trident.
* * * LOW HITPOINT WARNING * * *
You hit Robin but do no damage. You punch Robin.
Robin is heavily wounded.
Robin closely misses you.
You hit Robin but do no damage.
Robin is heavily wounded.
Robin is struck by your spines. Robin closely misses you.
You hit Robin but do no damage.
Robin is heavily wounded.
Robin hits you with a +0 trident!
* * * LOW HITPOINT WARNING * * *
You closely miss Robin.
Robin is heavily wounded.
Robin hits you with a +0 trident!
You die...

#.............
#.############
###########.#
#.........#.#
#.........#.#
#.........#.#
#.........#.#
#.......).#.######..
#.....)@g>).........
#..=......#.).......
#(.....)).##.###.#..
#...........$......#
###############$...#
.... ## #.. .. . .#


You could see Robin.

Vanquished Creatures
  An adder (D:2)
  A worm (D:2)
  A dart slug (D:2)
  2 bats (D:1)
  2 giant cockroaches (D:1)
  14 goblins
  6 hobgoblins
  6 jackals (D:1)
  4 quokkas
  2 ball pythons (D:1)
  2 frilled lizards (D:1)
  2 kobolds (D:1)
  3 rats
46 creatures vanquished.

Notes
Turn   | Place    | Note
-------+----------+-------------------------------------------
     0 | D:1      | innerfire43 the Demonspawn Monk began the quest for the
                  | Orb.
     0 | D:1      | Reached XP level 1. HP: 18/18 MP: 1/1
    97 | D:1      | Gained mutation: You are partially covered in sharp spines.
                  | [demonic ancestry]
    97 | D:1      | Reached XP level 2. HP: 13/24 MP: 2/2
   223 | D:1      | Reached skill level 1 in Shapeshifting
   277 | D:1      | Reached XP level 3. HP: 29/29 MP: 3/3
   446 | D:1      | Found Onoqawk's Magic Scroll Emporium.
   900 | D:2      | Noticed Robin
   924 | D:2      | Reached XP level 4. HP: 6/35 MP: 4/4
   928 | D:2      | Slain by Robin

Illustrated notes

Levels and vault maps discovered:
D:1:      spicycebolla_green_bress_n_ham_2, layout_rooms, serial_shops, shop,
          minmay_misc_feat_hallway
D:2:      layout_basic, uniq_robin

Skill      XL: |  1  2  3 |
---------------+----------+-----
Unarmed Combat | 3 |  3.2
Shapeshifting  | 1 2 |  2.0
Dodging        | 3 |  3.0
Fighting       | |  3.0

Action                     |  1- 3 |  4- 6 || total
---------------------------+-------+-------++-------
  Melee: Unarmed           |    91 |     4 ||    95
         Punch             |       |     1 ||     1
    Use: Potion            |     1 |     1 ||     2
 Armour: Robe              |    22 |       ||    22
  Dodge: Dodged            |    84 |     2 ||    86

Table legend: (Time is in decaauts)
 A = Elapsed time spent in this place.
 B = Non-inter-level travel time spent in this place.
 C = Inter-level travel time spent in this place.
 D = Time resting spent in this place.
 E = Time spent auto-exploring this place.
 F = Levels seen in this place.
 G = Mean time per level.
                   A        B        C        D        E       F      G
               +--------+--------+--------+--------+--------+-----+--------+
         Total |    922 |    886 |     36 |      0 |    612 |   2 |  461.0 |
       Dungeon |    922 |    886 |     36 |      0 |    612 |   2 |  461.0 |
               +--------+--------+--------+--------+--------+-----+--------+

Top non-repeatable levels by time:
     D:1: 605 daAuts
     D:2: 317 daAuts
